 Dungeon Sprint DCSS version 0.22-a0-358-g7563fe7 (webtiles) character file.

16700000 KristoblXynda the Formicid Barricade (level 27, -14/249 HPs)
             Began as a Formicid Fighter on Apr 18, 2018.
             Was the Champion of Makhleb.
             Killed by the air
             ... invoked by a tyrant
              (26 damage)
             ... in the Dungeon (Sprint VIII: "Arena of Blood").
             The game lasted 00:05:32 (167 turns).

KristoblXynda the Formicid Barricade (FoFi)          Turns: 167, Time: 00:05:33

Health: -14/249    AC: 13    Str: 25    XL:     27
Magic:  54/54      EV: 32    Int:  8    God:    Makhleb [******]
Gold:   0          SH: 20    Dex: 19    Spells: 80/80 levels left

rFire    + . .     SeeInvis +   l - +∞ Axe of Woe
rCold    . . .     Gourm    .   c - +0 shield
rNeg     . . .     Faith    .   b - +0 scale mail
rPois    .         Spirit   .   (helmet unavailable)
rElec    .         Reflect  .   (no cloak)
rCorr    .         Harm     .   (no gloves)
MR       ++...                  (no boots)
Stlth    ++++++++..             (no amulet)
HPRegen  0.51/turn              m - ring of protection from fire
MPRegen  0.34/turn              (no ring)

@: lethally poisoned (-14 -> -17)
A: permanent stasis, dig shafts and tunnels, four strong arms, antennae 3
a: Dig, Minor Destruction, Lesser Servant of Makhleb, Major Destruction, Greater
Servant of Makhleb, Renounce Religion


You were in the Dungeon.
You worshipped Makhleb.
Makhleb was exalted by your worship.
You were not hungry.

You visited 1 branch

Inventory:

Hand Weapons
 a - a +0 war axe
 l - the +∞ Axe of Woe (weapon)
   (You found it in the Dungeon)
Armour
 b - a +0 scale mail (worn)
 c - a +0 shield (worn)
Jewellery
 m - a ring of protection from fire (left hand)
Scrolls
 k - a scroll of blinking
Potions
 d - a potion of might
 e - a potion of curing
 g - a potion of heal wounds
 h - a potion of haste
 i - 2 potions of magic
 j - a potion of berserk rage
Comestibles
 f - a ration


   Skills:
 O Level 27 Fighting
 O Level 27 Axes
 O Level 27 Throwing
 O Level 27 Armour
 O Level 27 Dodging
 O Level 27 Stealth
 O Level 27 Shields
 O Level 27 Unarmed Combat
 O Level 27 Spellcasting
 O Level 27 Invocations


You had 80 spell levels left.
You didn't know any spells.

Dungeon Overview and Level Annotations

Branches:
Dungeon (1/1)

Altars:
Makhleb

Annotations:
D The Meatlord


Innate Abilities, Weirdness & Mutations

You cannot be hasted, slowed, berserked, paralysed or teleported.
You can dig through walls and to a lower floor.
Your four strong arms can wield two-handed weapons with a shield.
You have a pair of large antennae on your head. (SInv)


Message History

You hear a shout!
The wretched soul moves out of view.
You hear a shout!
The tyrant casts a spell.
The tyrant seems to speed up.
The tyrant moves out of view.
You hear a shout!
The Meatlord waves its arms in wide circles.
The air twists around and strikes you!
* * * LOW HITPOINT WARNING * * *
The accursed is engulfed in blazing flames.
The accursed points at you and mumbles some strange words.
Something smites you!
* * * LOW HITPOINT WARNING * * *
A scourge comes into view.
Unknown command.
You feel sick.
You hear a shout!
The tyrant waves its bony arms in wide circles.
The air twists around and strikes you!
You die...

#...S.....#..G.....#...
#....))))).{&#.....#...
#...))))))#))....###...
#...D#)))))S))....V...#
#..)O##p.).)))#)....%..
#)))..#%%.).#))).)..#..
#)).)))###..))))))..#_.
#))..)##.%.W#..)§...#..
#%%))#@x......#.....).)
#%.§§#...z.........).)#
#..§MoWz%.....W..###)..
#..§§§.L.......... #...
#..................#...
#.........#............
#........#.#.#.. .....
#.........#.#. .....
#..###...#. .....


You could see a tyrant, an eight-headed meat hydra, 2 sculptors of flesh, 2
wretched souls, a meat berserker (berserk), a bag of meat and a crawling corpse.

Vanquished Creatures
  5 hell knights (D)
  8 hell beasts (D)
  4 greater mummies (D)
  5 great orbs of eyes (D)
  4 wraiths (D)
  Harold (D)
  12 vampire knights (D)
  37 ogres (D)
  6 two-headed ogres (D)
  9 liches (D)
  5 hydras (D)
  87 orcs (D)
  5 phantoms (D)
  8 skeletal warriors (D)
  3 sea snakes (D)
  10 large abominations (D)
  12 small abominations (D)
  18 crawling corpses (D)
239 creatures vanquished.

Vanquished Creatures (others)
  An orc (D)
  6 crawling corpses (D)
7 creatures vanquished.

Grand Total: 246 creatures vanquished

Notes
Turn   | Place    | Note
-------+----------+-------------------------------------------
     0 | D        | Found the +∞ Axe of Woe
     0 | D        | KristoblXynda the Formicid Fighter began the quest for the Orb.
     0 | D        | Reached XP level 1. HP: 18/18 MP: 1/1
     3 | D        | Became a worshipper of Makhleb the Destroyer
     4 | D        | Noticed a bag of meat
     7 | D        | Noticed a bag of meat
     8 | D        | Noticed a bag of meat
     8 | D        | Noticed a bag of meat
     8 | D        | Noticed a meat berserker
     8 | D        | Killed a bag of meat
     8 | D        | Reached skill level 15 in Fighting
     8 | D        | Reached skill level 15 in Armour
     8 | D        | Reached XP level 2. HP: 45/45 MP: 2/2
     8 | D        | Reached XP level 3. HP: 51/51 MP: 3/3
     8 | D        | Reached XP level 4. HP: 58/58 MP: 4/4
     8 | D        | Reached XP level 5. HP: 64/64 MP: 5/5
     8 | D        | Reached XP level 6. HP: 71/71 MP: 6/6
     8 | D        | Reached XP level 7. HP: 77/77 MP: 7/7
     8 | D        | Reached XP level 8. HP: 85/85 MP: 8/8
     8 | D        | Reached XP level 9. HP: 91/91 MP: 9/9
     8 | D        | Reached XP level 10. HP: 98/98 MP: 10/10
     8 | D        | Reached XP level 11. HP: 104/104 MP: 11/11
     8 | D        | Reached XP level 12. HP: 111/111 MP: 12/12
     9 | D        | Noticed a bag of meat
     9 | D        | Killed a bag of meat
     9 | D        | Reached * piety under Makhleb
     9 | D        | Reached XP level 13. HP: 122/122 MP: 13/13
     9 | D        | Noticed a bag of meat
    10 | D        | Noticed a bag of meat
    10 | D        | Noticed a bag of meat
    10 | D        | Noticed a bag of meat
    10 | D        | Killed a bag of meat
    10 | D        | Reached XP level 14. HP: 133/133 MP: 14/14
    11 | D        | Noticed a bag of meat
    11 | D        | Noticed a bag of meat
    11 | D        | Killed a meat berserker
    11 | D        | Reached XP level 15. HP: 129/146 MP: 15/15
    11 | D        | Reached ** piety under Makhleb
    11 | D        | Reached XP level 16. HP: 138/156 MP: 16/16
    13 | D        | Noticed a meat berserker
    15 | D        | Reached *** piety under Makhleb
    15 | D        | Reached skill level 27 in Shields
    15 | D        | Reached XP level 17. HP: 169/169 MP: 17/17
    16 | D        | Noticed a large bag of meat
    17 | D        | Noticed a meat berserker
    17 | D        | Reached skill level 27 in Fighting
    17 | D        | Reached skill level 27 in Armour
    17 | D        | Reached XP level 18. HP: 182/182 MP: 18/18
    17 | D        | Reached **** piety under Makhleb
    17 | D        | Reached skill level 27 in Axes
    18 | D        | Noticed a meat berserker
    18 | D        | Killed a meat berserker
    20 | D        | Noticed a meat berserker
    20 | D        | Noticed a meat berserker
    21 | D        | Noticed a meat berserker
    22 | D        | Reached skill level 10 in Dodging
    22 | D        | Reached XP level 19. HP: 189/189 MP: 18/34
    22 | D        | Reached skill level 15 in Stealth
    23 | D        | Noticed a meat berserker
    23 | D        | Killed a meat berserker
    23 | D        | Reached ***** piety under Makhleb
    23 | D        | Reached XP level 20. HP: 197/197 MP: 19/38
    23 | D        | Noticed a destroyer
    24 | D        | Killed a meat berserker
    24 | D        | Reached skill level 15 in Dodging
    24 | D        | Killed a meat berserker
    24 | D        | Reached XP level 21. HP: 204/204 MP: 19/43
    25 | D        | Noticed a meat berserker
    25 | D        | Noticed a meat berserker
    25 | D        | Killed a meat berserker
    25 | D        | Killed a meat berserker
    25 | D        | Reached XP level 22. HP: 212/212 MP: 19/47
    26 | D        | Noticed a large bag of meat
    27 | D        | Reached ****** piety under Makhleb
    27 | D        | Killed a large bag of meat
    27 | D        | Reached skill level 27 in Stealth
    28 | D        | Noticed a meat berserker
    28 | D        | Noticed a destroyer
    29 | D        | Noticed a meat berserker
    29 | D        | Reached skill level 27 in Invocations
    29 | D        | Reached XP level 23. HP: 219/219 MP: 20/51
    30 | D        | Killed a destroyer
    30 | D        | Reached skill level 27 in Throwing
    30 | D        | Reached skill level 27 in Unarmed Combat
    30 | D        | Reached skill level 27 in Spellcasting
    31 | D        | Noticed a large bag of meat
    31 | D        | Noticed a destroyer
    31 | D        | Reached skill level 27 in Dodging
    31 | D        | Reached XP level 24. HP: 227/227 MP: 21/54
    32 | D        | Reached XP level 25. HP: 234/234 MP: 21/54
    34 | D        | Noticed a destroyer
    34 | D        | Killed a large bag of meat
    34 | D        | Reached XP level 26. HP: 242/242 MP: 21/54
    35 | D        | Killed a destroyer
    36 | D        | Noticed a large bag of meat
    36 | D        | Noticed a destroyer
    36 | D        | Noticed a destroyer
    36 | D        | Reached XP level 27. HP: 249/249 MP: 22/54
    38 | D        | Killed a destroyer
    38 | D        | Killed a destroyer
    40 | D        | Killed a large bag of meat
    41 | D        | Noticed a large bag of meat
    43 | D        | Killed a large bag of meat
    44 | D        | Noticed a destroyer
    47 | D        | Noticed a tyrant
    47 | D        | Killed a destroyer
    47 | D        | Killed a destroyer
    51 | D        | Noticed a tyrant
    53 | D        | Noticed a destroyer
    53 | D        | Noticed a tyrant
    54 | D        | Noticed a tyrant
    54 | D        | Noticed an accursed
    58 | D        | Killed a destroyer
    60 | D        | Killed a tyrant
    60 | D        | Killed a large bag of meat
    61 | D        | Noticed a destroyer
    62 | D        | Noticed a tyrant
    62 | D        | Killed a destroyer
    62 | D        | Killed a tyrant
    63 | D        | Killed a tyrant
    63 | D        | Killed a destroyer
    70 | D        | Killed a tyrant
    71 | D        | Noticed The Servant
    71 | D        | Killed a tyrant
    72 | D        | Noticed a meat beast
    72 | D        | Noticed a meat beast
    73 | D        | Killed a meat beast
    77 | D        | Killed a meat beast
    83 | D        | Killed The Servant
    95 | D        | Killed an accursed
    99 | D        | Noticed a tyrant
   102 | D        | Noticed a tyrant
   103 | D        | Noticed a dread
   104 | D        | Noticed a dread
   108 | D        | Killed a tyrant
   111 | D        | Noticed an accursed
   116 | D        | Noticed an accursed
   117 | D        | Killed a dread
   120 | D        | Killed an accursed
   121 | D        | Killed an accursed
   122 | D        | Killed a tyrant
   129 | D        | Noticed a fleshlord
   130 | D        | Noticed a meat beast
   130 | D        | Noticed a meat beast
   130 | D        | Noticed a tyrant
   131 | D        | Noticed a fleshlord
   131 | D        | Noticed a fleshlord
   132 | D        | Noticed a meat beast
   132 | D        | Killed a fleshlord
   133 | D        | Noticed a fleshlord
   133 | D        | Noticed a meat beast
   134 | D        | Killed a meat beast
   135 | D        | Killed a fleshlord
   136 | D        | Noticed a meat beast
   136 | D        | Killed a meat beast
   137 | D        | Noticed a meat beast
   137 | D        | Noticed a dread
   137 | D        | Noticed a tyrant
   138 | D        | Noticed an accursed
   138 | D        | Noticed a fleshlord
   138 | D        | Killed a meat beast
   139 | D        | Killed a meat beast
   140 | D        | Killed a meat beast
   142 | D        | Killed a dread
   143 | D        | Killed a fleshlord
   145 | D        | Killed a fleshlord
   146 | D        | Noticed a destroyer
   146 | D        | Noticed a destroyer
   147 | D        | Noticed a large bag of meat
   147 | D        | Killed a tyrant
   147 | D        | Killed a dread
   148 | D        | Noticed a tyrant
   148 | D        | Killed an accursed
   150 | D        | Noticed an accursed
   150 | D        | Killed a destroyer
   150 | D        | Killed a destroyer
   151 | D        | Noticed a destroyer
   152 | D        | Killed a meat beast
   153 | D        | Killed a tyrant
   154 | D        | Killed a fleshlord
   157 | D        | Noticed a dread
   159 | D        | Killed a large bag of meat
   162 | D        | Killed a dread
   163 | D        | Noticed a fleshlord
   163 | D        | Killed a destroyer
   165 | D        | Noticed a tyrant
   165 | D        | Noticed The Meatlord
   166 | D        | HP: 12/249 [accursed/divine providence (11)]
   167 | D        | Killed from afar by a tyrant

Vault maps used:
D:        meatsprint

Skill      XL: |  1  2  3  4  5  6  7  8  9 10 11 12 13 14 15 16 17 18 19 20 21 22 23 |
---------------+----------------------------------------------------------------------+-----
Fighting       | 15 18 19 21 22 25 27 | 27.0
Axes           | 14 16 18 20 21 23 25 27 | 27.0
Armour         | 15 18 19 21 22 25 27 | 27.0
Shields        | 17 19 21 23 24 27 | 27.0
Throwing       | 11 14 18 21 24 27 | 27.0
Dodging        | 10 13 16 20 22 27 | 27.0
Stealth        | 14 18 22 26 27 | 27.0
Unarmed Combat | 11 14 18 21 24 27 | 27.0
Spellcasting   | 11 14 18 21 24 27 | 27.0
Invocations    | 13 17 21 24 27 | 27.0

Action                   |  1- 3 |  4- 6 |  7- 9 | 10-12 | 13-15 | 16-18 | 19-21 | 22-24 | 25-27 || total
-------------------------+-------+-------+-------+-------+-------+-------+-------+-------+-------++-------
Melee: Executioner's axe |     1 |       |       |     1 |     2 |     6 |     3 |     5 |    83 ||   101
Armor: Scale mail        |       |       |       |       |       |       |       |       |     1 ||     1
Dodge: Dodged            |       |       |       |       |       |       |       |       |    12 ||    12
Block: Shield            |       |       |       |     1 |       |     1 |       |       |    15 ||    17

Table legend:
 A = Spawn XP
 B = Non-spawn XP
 C = Spawn XP percentage of total XP
 D = Spawn monster count
 E = Non-spawn monster count
 F = Spawn count percentage of total count
 G = Total turns spent on level
                    A         B        C        D         E        F      G
               +---------+---------+-------+---------+---------+-------+---------
         Total |       0 | 6557784 |   0.0 |       0 |     219 |   0.0 |   167
               +---------+---------+-------+---------+---------+-------+---------
             D |       0 | 6557784 |   0.0 |       0 |     219 |   0.0 |   167
               +---------+---------+-------+---------+---------+-------+---------
